 Dungeon Crawl Stone Soup version 0.14-a0-882-gdff4d47 (webtiles) character file.

381 Malachi the Slasher (level 5, -2/37 HPs)
             Began as a High Elf Fighter on Nov 17, 2013.
             Killed from afar by an orc wizard (4 damage)
             ... with a puff of flame
             ... on Level 3 of the Dungeon.
             The game lasted 00:07:21 (3661 turns).

Malachi the Slasher (High Elf Fighter)              Turns: 3661, Time: 00:07:21

HP  -2/37        AC  9     Str 15      XL: 5   Next: 25%
MP   7/7         EV  6     Int 11      God:
Gold 211         SH 19     Dex 16      Spells:  0 memorised,  4 levels left

Res.Fire  : + . .   See Invis. : .   a - +1 elf falchion
Res.Cold  : + . .   Warding    : .   b - +0 elf scale mail
Life Prot.: . . .   Conserve   : .   c - +0 elf shield
Res.Poison: +       Res.Corr.  : +   (no helmet)
Res.Elec. : +       Clarity    : .   r - +0 cloak
Sust.Abil.: . .     Spirit.Shd : .   x - +0 pair of gauntlets
Res.Mut.  : .       Stasis     : .   (no boots)
Res.Rott. : .       Flight     : .   f - amulet of resist corrosion {unknown}
Saprovore : . . .                    (no ring)
                                     e - ring of poison resistance

@: very slightly contaminated, hasted, very quick, slightly resistant to hostile
enchantments, extremely unstealthy
A: no striking features
a: no special abilities


You were on level 3 of the Dungeon.
You were hungry.

You visited 1 branch of the dungeon, and saw 3 of its levels.

You collected 211 gold pieces.

Inventory:

Hand weapons
 a - a +1,+1 elven falchion (weapon)
Armour
 b - a +0 elven scale mail (worn)
 c - a +0 elven shield (worn)
 p - a +0 gold dragon hide
 r - a +0 cloak (worn)
 x - a +0 pair of gauntlets (worn)
Magical devices
 A - a wand of paralysis (2)
 C - a wand of cold (8)
Comestibles
 d - 4 bread rations
 i - a rotting chunk of giant newt flesh
 j - 20 strawberries
 u - a banana
 w - 2 apples
 z - a cheese
Scrolls
 g - a scroll of enchant weapon I
 h - a scroll of blinking
 o - 2 scrolls of teleportation
Jewellery
 e - a ring of poison resistance (left hand)
 f - an amulet of resist corrosion (around neck) {unknown}
Potions
 v - a potion of curing {unknown}
Books
 y - a book of Debilitation

   Spells                             Type                      Level
   Corona                             Hexes                        1
   Slow                               Hexes                        2
   Inner Flame                        Hexes/Fire                   3
   Enslavement                        Hexes                        4
   Cause Fear                         Hexes                        4
   Leda's Liquefaction                Hexes/Earth                  4


   Skills:
 + Level 3.5 Fighting
 * Level 3.9 Long Blades
 + Level 3.3 Armour
 + Level 2.1 Dodging
 + Level 3.5 Shields


You had 4 spell levels left.
You didn't know any spells.

Dungeon Overview and Level Annotations

Branches:
Dungeon (3/16)

Altars:
Cheibriados
Fedhas
Sif Muna
Vehumet
Xom


Message History

You are confused.
Ouch! The orc hits you but does no damage.
You hit it but do no damage. It hits you but does no damage.
You miss it. The orc barely misses you. It hits you.
* * * LOW HITPOINT WARNING * * *
You barely miss it. It hits you.
* * * LOW HITPOINT WARNING * * *
The orc hits you with an orcish short sword.
* * * LOW HITPOINT WARNING * * *
It hits you.
* * * LOW HITPOINT WARNING * * *
The orc hits you but does no damage.
Unknown command.
You feel less confused.
Drink which item? (? for menu, Esc to quit)
You feel protected.
It was a potion of resistance.
You hear some strange, mumbled words.
The puff of flame hits you! You resist.
You die...

### ##.##
###########.#.#####
#.......##.###....# #.
#......#...#.#.#
#.##.##..##.<.##..#
#oo.@##.#.#...#.#.#
#..####.####.####.#
#..#**#.###...###.#
#...,,..##.....##.###
##..#,..#.......#.#..
*..###......_....#...
**.#.,,#.#.......#.#.#
*,#*.<,*###.....##...#
**,*.,,* ###...#####..


You could see 2 orcs.

Vanquished Creatures
  A worker ant (D:3)
  3 gnolls
  3 adders (D:3)
  A worm (D:2)
  2 ball pythons
  7 bats
  3 giant cockroaches
  6 hobgoblins
  7 jackals
  15 kobolds
  4 quokkas
  5 giant geckos
  5 giant newts
  7 goblins
  15 rats
84 creatures vanquished.

Notes
Turn   | Place    | Note
--------------------------------------------------------------
     0 | D:1      | Malachi, the High Elf Fighter, began the quest for the Orb.
     0 | D:1      | Reached XP level 1. HP: 16/16 MP: 1/1
    30 | D:1      | Reached XP level 2. HP: 17/21 MP: 2/2
   324 | D:1      | Reached XP level 3. HP: 18/27 MP: 4/4
   687 | D:2      | Found a radiant altar of Vehumet.
   792 | D:2      | Reached skill level 1 in Dodging
   821 | D:2      | Found a snail-covered altar of Cheibriados.
  1029 | D:2      | Reached XP level 4. HP: 28/32 MP: 6/6
  1292 | D:2      | Found a shimmering altar of Xom.
  1496 | D:2      | Found a deep blue altar of Sif Muna.
  1536 | D:3      | Found a blossoming altar of Fedhas.
  1786 | D:3      | Noticed a giant goldfish
  3041 | D:3      | Paralysed by a gnoll for 6 turns
  3202 | D:3      | Reached XP level 5. HP: 19/37 MP: 7/7
  3661 | D:3      | Killed from afar by an orc wizard

Action                   |  1- 3 |  4- 6 || total
-------------------------+-------+-------++-------
Melee: Falchion          |   169 |   214 ||   383
  Use: Scroll            |       |    10 ||    10
       Potion            |       |     2 ||     2
